[Event "Titled Tuesday Blitz May 2 Early 2023"]
[White "Antonio, Jorge Carlos"]
[Black "Reprintsev, Alexander"]
[WhiteFideId "113190"]
[BlackFideId "14100541"]
[WhiteElo "2247"]
[BlackElo "2211"]
[Result "0-1"]
[Round "02"]
[TimeControl "180+2"]
[Date "2023.05.02"]
[WhiteClock "0:00:41"]
[BlackClock "0:00:05"]

1. d4 d5 2. Nf3 Nc6 3. Bf4 Bg4 4. e3 e6 5. c3 Bd6 6. Bxd6 cxd6 7. Nbd2 Nge7 8. h3 Bh5 9. Bd3 h6 10. O-O O-O 11. Re1 a6 12. Nf1 b5 13. a3 Qb6 14. Ng3 Bg6 15. Bxg6 Nxg6 16. h4 a5 17. h5 Nge7 18. e4 b4 19. axb4 axb4 20. Rxa8 Rxa8 21. e5 dxe5 22. Nxe5 Nxe5 23. Rxe5 Qa5 24. Re3 Qa1 25. Qxa1 Rxa1+ 26. Kh2 Rb1 27. Re2 Nc6 28. f4 bxc3 29. bxc3 Rc1 30. Re3 Na7 31. f5 exf5 32. Nxf5 Kf8 33. Ne7 Nb5 34. Nxd5 g6 35. hxg6 fxg6 36. Kg3 Rc2 37. Kf3 h5 38. g3 Kg7 39. Ke4 Nd6+ 40. Kd3 Rg2 41. c4 Nf5 42. Rf3 Nxg3 43. c5 Nf5 44. c6 Nd6 45. Nf4 Ra2 46. d5 Ra3+ 47. Ke2 Rxf3 48. Kxf3 Kf6 49. Nd3 g5 50. Ke3 Kf5 51. Kd4 g4 52. Kc5 g3 53. Ne1 Ke5 54. Nf3+ Ke4 55. Ng1 Ke5 56. c7 Nc8 57. Kc6 h4 58. Kd7 Nb6+ 59. Kc6 Nc8 60. Kd7 Nb6+ 61. Kc6 Nxd5 62. c8=Q Ne7+ 63. Kd7 Nxc8 64. Kxc8 Kf4 65. Kd7 Kg4 66. Ke6 h3 67. Ke5 h2 68. Ke4 hxg1=Q 0-1


[Site "https://www.chess.com"]

[Event "Titled Tuesday Blitz May 2 Early 2023"]
[White "Delorme, Alban"]
[Black "Vidit, Santosh Gujrathi"]
[WhiteFideId "623636"]
[BlackFideId "5029465"]
[WhiteElo "2196"]
[BlackElo "2651"]
[Result "0-1"]
[Round "02"]
[TimeControl "180+2"]
[Date "2023.05.02"]
[WhiteClock "0:00:02"]
[BlackClock "0:00:21"]

1. e4 d5 2. exd5 Qxd5 3. Nc3 Qd8 4. d4 Nf6 5. Nf3 g6 6. Bc4 Bg7 7. O-O O-O 8. h3 a6 9. a3 b5 10. Ba2 Bb7 11. Re1 e6 12. Bf4 Nc6 13. Qd2 Ne7 14. Ne5 Nf5 15. Rad1 Nd5 16. Nxd5 Bxd5 17. Bxd5 Qxd5 18. c3 Rad8 19. Qe2 h5 20. a4 bxa4 21. Qxa6 Ra8 22. Qc6 Rfb8 23. Qxd5 exd5 24. Re2 Rb3 25. Nc6 Bf8 26. g4 hxg4 27. hxg4 Nd6 28. Bxd6 Bxd6 29. Rd3 Kg7 30. Ne7 Rb5 31. Kg2 Rh8 32. Nc6 Rh4 33. Ne5 f6 34. Nf3 Rxg4+ 35. Kh3 Re4 36. Rde3 Rxe3 37. fxe3 Rb3 38. Ne1 a3 39. bxa3 Rxc3 40. Nc2 Bxa3 41. Kg4 Bd6 42. Kf3 f5 43. Kf2 Kf6 44. Ne1 g5 45. Nf3 g4 46. Nd2 Kg5 47. Nf1 Rd3 48. Ra2 f4 49. exf4+ Bxf4 50. Ra5 Rxd4 51. Ra7 Rc4 52. Ra8 Rc2+ 53. Kg1 Kf5 54. Re8 c5 55. Rd8 d4 56. Nh2 Bxh2+ 57. Kh1 Be5 58. Rf8+ Ke4 59. Rf1 d3 60. Rg1 Rh2# 0-1


[Site "https://www.chess.com"]

[Event "Titled Tuesday Blitz May 2 Early 2023"]
[White "Andrews, Todd"]
[Black "Matlakov, Maxim"]
[WhiteFideId "2012456"]
[BlackFideId "4168003"]
[WhiteElo "2217"]
[BlackElo "2666"]
[Result "1-0"]
[Round "02"]
[TimeControl "180+2"]
[Date "2023.05.02"]
[WhiteClock "0:00:12"]
[BlackClock "0:00:14"]

1. e4 c5 2. Nf3 e6 3. d3 Nc6 4. Nbd2 g6 5. g3 Bg7 6. Bg2 Nge7 7. O-O O-O 8. Re1 e5 9. Nc4 d6 10. a4 h6 11. Nfd2 Be6 12. a5 Qc7 13. Ne3 Rad8 14. Ndc4 d5 15. exd5 Nxd5 16. Nxd5 Bxd5 17. Bxd5 Rxd5 18. Qf3 Rd7 19. Be3 Nb4 20. Qe2 b5 21. axb6 axb6 22. Rad1 f5 23. c3 Nc6 24. f4 Re7 25. fxe5 b5 26. Bxc5 bxc4 27. Bxe7 Qxe7 28. d4 Kh7 29. Qxc4 Qb7 30. b4 f4 31. b5 Na5 32. Qd3 Qd5 33. e6 f3 34. Rd2 Re8 35. e7 Qf7 36. Rf2 Rxe7 37. Rxe7 Qxe7 38. Qxf3 Nc4 39. Kg2 Ne3+ 40. Kg1 Nc4 41. Re2 Qg5 42. Kg2 Qxb5 43. Qd3 Qd5+ 44. Qe4 Qg5 45. h4 Qb5 46. d5 h5 47. g4 Nd6 48. c4 Qb3 49. Qf3 Qxc4 50. gxh5 Qxh4 51. hxg6+ Kh6 52. Qh3 Qxh3+ 53. Kxh3 Kg5 54. Re6 Bf8 55. g7 Bxg7 56. Rxd6 Kf5 57. Re6 Be5 58. Kg2 Bf6 59. Kf3 Be5 60. Re8 Bd6 61. Re6 Be5 62. Rh6 Bf6 63. Rh5+ Kg6 64. Rh1 Kf5 65. Rd1 Ke5 66. d6 Ke6 67. Ke4 Bd8 68. d7 Ke7 69. Ke5 Bc7+ 70. Kf5 Bd8 71. Rd5 Bc7 72. Rd3 Bd8 73. Ke4 Ke6 74. Rd5 Ke7 75. Kd4 Ke6 76. Kc5 Ke7 77. Kc6 Ke6 78. Rb5 Ke7 79. Rb8 1-0


[Site "https://www.chess.com"]

[Event "Titled Tuesday Blitz May 2 Early 2023"]
[White "Alekseenko, Kirill"]
[Black "Bouget, Alexandre"]
[WhiteFideId "4135539"]
[BlackFideId "681318"]
[WhiteElo "2683"]
[BlackElo "2182"]
[Result "1-0"]
[Round "02"]
[TimeControl "180+2"]
[Date "2023.05.02"]
[WhiteClock "0:00:00"]
[BlackClock "0:00:00"]

1. d4 Nf6 2. Nc3 d5 3. Bf4 e6 4. Nb5 Na6 5. e3 c6 6. Nc3 Bd6 7. Nf3 h6 8. a3 Nc7 9. Bd3 c5 10. dxc5 Bxc5 11. Qe2 Bd6 12. Ne5 g5 13. Bg3 Qe7 14. O-O-O Bxa3 15. bxa3 Qxa3+ 16. Kd2 d4 17. exd4 Ncd5 18. Bb5+ Kf8 19. Nxd5 Nxd5 20. Qf3 Qb4+ 21. c3 Qb2+ 22. Ke1 f5 23. Bc4 Nxc3 24. Qh5 Rh7 25. Nd3 Qc2 26. Rc1 Qa4 27. Rxc3 f4 28. Kd2 b5 29. Bb3 Qxd4 30. Re1 b4 31. Rc4 Qf6 32. Bxf4 Ba6 33. Bd6+ Kg8 34. Rxe6 Qa1 35. Rc8+ Rxc8 36. Re8+ Kg7 37. Qf7# 1-0


[Site "https://www.chess.com"]

[Event "Titled Tuesday Blitz May 2 Early 2023"]
[White "Mitrabha, Guha"]
[Black "Osinovsky, Stepan"]
[WhiteFideId "5057000"]
[BlackFideId "4157354"]
[WhiteElo "2507"]
[BlackElo "2222"]
[Result "0-1"]
[Round "02"]
[TimeControl "180+2"]
[Date "2023.05.02"]
[WhiteClock "0:00:04"]
[BlackClock "0:00:16"]

1. Nf3 Nf6 2. c4 g6 3. b3 Bg7 4. Bb2 O-O 5. g3 d6 6. Bg2 e5 7. O-O Re8 8. Nc3 Nc6 9. d3 e4 10. Nxe4 Nxe4 11. Bxg7 Kxg7 12. dxe4 Rxe4 13. Qd2 Qf6 14. e3 Bg4 15. Nd4 Re5 16. Nxc6 bxc6 17. Bxc6 Bf3 18. Bxa8 Bxa8 19. f4 Re4 20. Rf2 Qe6 21. Re1 h5 22. Qc3+ Kh7 23. c5 Qd5 24. Rd2 Qc6 25. Qf6 Kg8 26. Qc3 Rc4 27. e4 Rxc3 28. cxd6 cxd6 29. e5 Qh1+ 30. Kf2 Qg2# 0-1


[Site "https://www.chess.com"]

[Event "Titled Tuesday Blitz May 2 Early 2023"]
[White "Gabrielian, Artur"]
[Black "Tymrakiewicz, Rafal"]
[WhiteFideId "4131002"]
[BlackFideId "1108832"]
[WhiteElo "2432"]
[BlackElo "2151"]
[Result "0-1"]
[Round "02"]
[TimeControl "180+2"]
[Date "2023.05.02"]
[WhiteClock "0:00:00"]
[BlackClock "0:00:00"]

1. e4 Nf6 2. e5 Nd5 3. c4 Nb6 4. c5 Nd5 5. Nc3 c6 6. d4 b6 7. Nxd5 cxd5 8. cxb6 Qxb6 9. Nf3 Nc6 10. Be2 Ba6 11. Be3 e6 12. O-O Bxe2 13. Qxe2 Be7 14. Rfd1 O-O 15. Rac1 a5 16. Ne1 f6 17. Nd3 Rab8 18. b3 Rfc8 19. Qg4 f5 20. Qe2 Ba3 21. Nc5 Bxc1 22. Rxc1 Qb5 23. Qd2 Nb4 24. h4 Na6 25. a4 Qc6 26. Qxa5 Nxc5 27. Rxc5 Qb7 28. Rb5 Qc6 29. Rc5 Qb7 30. Rb5 Qc6 31. Qb4 Rxb5 32. axb5 Qc7 33. h5 h6 34. Bd2 Kf7 35. b6 Qc6 36. Qa5 Rb8 37. Qa7 Rxb6 38. b4 Rb7 39. Qa8 Rc7 40. Qd8 Rc8 41. Qa5 Ra8 42. b5 Rxa5 43. bxc6 Ra1+ 44. Kh2 dxc6 45. Bb4 Rd1 46. Bc5 g6 47. hxg6+ Kxg6 48. f3 f4 49. Kh3 Kf5 50. g4+ fxg3 51. Kxg3 Rd3 52. Bb6 h5 53. Bc5 h4+ 0-1


[Site "https://www.chess.com"]

[Event "Titled Tuesday Blitz May 2 Early 2023"]
[White "Harriott, Tyrell"]
[Black "Remizov, Yaroslav"]
[WhiteFideId "2086484"]
[BlackFideId "34134015"]
[WhiteElo "2107"]
[BlackElo "2412"]
[Result "0-1"]
[Round "02"]
[TimeControl "180+2"]
[Date "2023.05.02"]
[WhiteClock "0:00:40"]
[BlackClock "0:01:55"]

1. d4 a6 2. e3 e6 3. f4 Nf6 4. Nf3 b6 5. Bd3 Bb7 6. Nbd2 d6 7. O-O Be7 8. c3 O-O 9. a3 Nbd7 10. e4 d5 11. e5 Ne4 12. Qe2 f5 13. Kh1 c5 14. Rg1 Qe8 15. g4 fxg4 16. Rxg4 Qh5 17. Rg2 Rxf4 18. Nxe4 dxe4 19. Bxf4 exf3 20. Qe3 fxg2+ 21. Kg1 cxd4 22. cxd4 Rf8 23. Bg3 Rf3 24. Qe2 Bh4 25. Be4 Bxg3 26. Qxg2 Bxe4 27. hxg3 Rf2 28. Kxf2 Bxg2 29. Kxg2 Qe2+ 30. Kh3 Qxb2 31. Rf1 Qxd4 32. Re1 Nxe5 33. a4 Nf3 34. Rc1 Ng5+ 35. Kg2 Qd2+ 36. Kf1 Qxc1+ 37. Kf2 Qd2+ 38. Kf1 Nh3 0-1


[Site "https://www.chess.com"]

[Event "Titled Tuesday Blitz May 2 Early 2023"]
[White "Bashkansky, Ethan"]
[Black "Molina, Roberto Junio Brito"]
[WhiteFideId "2071533"]
[BlackFideId "2109450"]
[WhiteElo "2101"]
[BlackElo "2376"]
[Result "0-1"]
[Round "02"]
[TimeControl "180+2"]
[Date "2023.05.02"]
[WhiteClock "0:00:03"]
[BlackClock "0:00:34"]

1. d4 c6 2. c4 d5 3. Nc3 dxc4 4. e3 b5 5. a4 b4 6. Na2 a5 7. Bxc4 Nf6 8. Nf3 e6 9. O-O Be7 10. b3 O-O 11. Bb2 Nbd7 12. Nc1 c5 13. dxc5 Nxc5 14. Nd3 Nce4 15. Rc1 Bb7 16. Qe2 Qb6 17. Bd4 Qd6 18. Rfd1 Rac8 19. Nf4 Qb8 20. Nd2 e5 21. Bb6 exf4 22. Bxa5 Nc3 23. Rxc3 bxc3 24. Bxc3 fxe3 25. fxe3 Ne4 26. Nxe4 Bxe4 27. Rd7 Bf6 28. Bxf6 gxf6 29. Qg4+ Bg6 30. h4 Qe5 31. Qf3 Kg7 32. g4 Rxc4 33. bxc4 Rb8 34. Rd2 Rb1+ 35. Kg2 Be4 0-1


[Site "https://www.chess.com"]

[Event "Titled Tuesday Blitz May 2 Early 2023"]
[White "Pakleza, Zbigniew"]
[Black "Balla, Tamas-Kristof"]
[WhiteFideId "1119290"]
[BlackFideId "1208497"]
[WhiteElo "2410"]
[BlackElo "2334"]
[Result "1-0"]
[Round "02"]
[TimeControl "180+2"]
[Date "2023.05.02"]
[WhiteClock "0:00:00"]
[BlackClock "0:00:00"]

1. d4 d5 2. Bf4 Nf6 3. e3 e6 4. Nd2 Bd6 5. Bg3 O-O 6. Ngf3 b6 7. c3 c5 8. Ne5 Qc7 9. f4 Ba6 10. Bxa6 Nxa6 11. Qf3 Nb8 12. Bh4 Nfd7 13. O-O Nc6 14. Rac1 f6 15. Nd3 Ne7 16. e4 Qb7 17. Rfe1 Rae8 18. Bf2 c4 19. Nb4 a5 20. Nc2 Bb8 21. exd5 exd5 22. Nxc4 Qc7 23. N4e3 Qxf4 24. Bg3 Qxf3 25. gxf3 f5 26. Bxb8 Nxb8 27. Na3 Nd7 28. Nb5 Nf6 29. Nd6 Rd8 30. Ndxf5 Nxf5 31. Nxf5 Nh5 32. Re5 g6 33. Ne7+ Kh8 34. Nxd5 Rxf3 35. Rf1 Rd3 36. Nxb6 Rd2 37. Nc4 Rc2 38. Rf2 Rc1+ 39. Kg2 Ng7 40. Ne3 Ra1 41. a3 Rc1 42. Rxa5 Nh5 43. Re5 Ng7 44. d5 Ne8 45. c4 Nd6 46. b3 Rc3 47. Rb2 Nf7 48. Re7 Ng5 49. Ng4 Kg8 50. h4 Nf7 51. Rf2 Rf8 52. Rfxf7 Rxf7 53. Nh6+ Kf8 54. Rxf7+ Ke8 55. Rb7 Rc2+ 56. Kf3 Rc3+ 57. Ke4 Rh3 58. Ng4 Rxh4 59. Kf3 h5 60. Ne5 Rh3+ 61. Ke4 Rh4+ 62. Kd3 Rh3+ 63. Kd4 Rh4+ 64. Kc5 Kd8 65. Kc6 Re4 66. Nf7+ Ke8 67. Nd6+ Kf8 68. Nxe4 1-0


[Site "https://www.chess.com"]

[Event "Titled Tuesday Blitz May 2 Early 2023"]
[White "Dehtiarov, Roman"]
[Black "Vedder, Richard"]
[WhiteFideId "14186640"]
[BlackFideId "1004166"]
[WhiteElo "2189"]
[BlackElo "2168"]
[Result "1-0"]
[Round "02"]
[TimeControl "180+2"]
[Date "2023.05.02"]
[WhiteClock "0:00:08"]
[BlackClock "0:01:31"]

1. c4 c5 2. g3 Nc6 3. Bg2 Nf6 4. Nc3 g6 5. Nf3 Bg7 6. d4 cxd4 7. Nxd4 O-O 8. O-O a6 9. e3 Qc7 10. b3 b6 11. Bb2 Bb7 12. Rc1 Nxd4 13. Qxd4 Bxg2 14. Kxg2 d6 15. Nd5 Qd8 16. Qxb6 Nxd5 17. Qxd8 Nxe3+ 18. fxe3 Rfxd8 19. Bxg7 Kxg7 20. e4 a5 21. Rf3 Rdb8 22. Rd3 a4 23. h4 axb3 24. axb3 Ra3 25. Rcc3 Rb4 26. Kf3 h5 27. Ke3 Kf6 28. Kd4 Ke6 29. Ke3 Kf6 30. Kd2 Ke6 31. Kc1 Ra2 32. Rc2 Rxc2+ 33. Kxc2 Ke5 34. Kc3 Rb8 35. Rd1 e6 36. b4 Kxe4 37. Rxd6 Ke5 38. Rd7 f5 39. c5 f4 40. gxf4+ Kxf4 41. c6 Rb6 42. c7 Rc6+ 43. Kb3 Ke5 44. b5 Rc1 45. b6 1-0


[Site "https://www.chess.com"]

[Event "Titled Tuesday Blitz May 2 Early 2023"]
[White "Sieciechowicz, Marcin"]
[Black "Vaglio Munoz, Jaime"]
[WhiteFideId "1130170"]
[BlackFideId "6500145"]
[WhiteElo "2302"]
[BlackElo "2199"]
[Result "1-0"]
[Round "02"]
[TimeControl "180+2"]
[Date "2023.05.02"]
[WhiteClock "0:00:17"]
[BlackClock "0:00:30"]

1. d4 c6 2. c4 b5 3. c5 d5 4. a4 b4 5. Bf4 Ba6 6. Nf3 Nd7 7. g3 h6 8. h4 Ngf6 9. Bg2 e6 10. Nbd2 Nh5 11. Be3 f5 12. Nb3 Bc4 13. Nbd2 Ba6 14. Ne5 Nxe5 15. dxe5 g6 16. Nf3 Qa5 17. Nd4 Kd7 18. O-O Be7 19. Qd2 g5 20. Rfd1 f4 21. gxf4 gxf4 22. Bxf4 Bxh4 23. Nxe6 Kxe6 24. Bxd5+ Ke7 25. Bxc6 Rad8 26. Qe3 Nxf4 27. Qxf4 Bg5 28. Qf5 Qc7 29. Rd6 Rhf8 30. Qg6 Rf7 31. Rad1 Bc8 32. Rxd8 Qxe5 33. Re8# 1-0


[Site "https://www.chess.com"]

[Event "Titled Tuesday Blitz May 2 Early 2023"]
[White "Klimkowski, Jan"]
[Black "Hoffmann, Asa"]
[WhiteFideId "21856222"]
[BlackFideId "2001470"]
[WhiteElo "2331"]
[BlackElo "2117"]
[Result "1-0"]
[Round "02"]
[TimeControl "180+2"]
[Date "2023.05.02"]
[WhiteClock "0:00:01"]
[BlackClock "0:00:01"]

1. d4 Nf6 2. Nf3 d6 3. c4 c6 4. Nc3 Bf5 5. Qb3 Qb6 6. Qxb6 axb6 7. b3 h6 8. Bb2 Nbd7 9. e3 e5 10. Be2 Be7 11. O-O O-O 12. Rfd1 Rfe8 13. Rd2 e4 14. Ne1 d5 15. cxd5 Nxd5 16. Nxd5 cxd5 17. Rc2 Nb8 18. Rc7 Nc6 19. Rxb7 Nb4 20. Rxb6 Nxa2 21. Kf1 Nb4 22. Rxa8 Rxa8 23. Bc3 Ra2 24. Bxb4 1-0


[Site "https://www.chess.com"]

[Event "Titled Tuesday Blitz May 2 Early 2023"]
[White "Harshavardhan G B"]
[Black "Gracia Alvarez, Gerardo Antonio"]
[WhiteFideId "25059009"]
[BlackFideId "5109124"]
[WhiteElo "2323"]
[BlackElo "2160"]
[Result "1-0"]
[Round "02"]
[TimeControl "180+2"]
[Date "2023.05.02"]
[WhiteClock "0:00:12"]
[BlackClock "0:00:01"]

1. e4 c5 2. Nf3 Nc6 3. Bb5 d6 4. O-O Bd7 5. c3 Nf6 6. Re1 a6 7. Ba4 b5 8. Bc2 Bg4 9. h3 Bxf3 10. Qxf3 g6 11. d3 Bg7 12. Nd2 O-O 13. Nf1 Nd7 14. Qd1 b4 15. Bd2 Rb8 16. Ne3 Re8 17. f4 e6 18. Rb1 Qc7 19. f5 Nde5 20. Rf1 Rbd8 21. f6 Bf8 22. Ng4 Nxg4 23. Qxg4 d5 24. Bf4 e5 25. Bg3 dxe4 26. dxe4 c4 27. Ba4 Qa5 28. Bxc6 Qb6+ 29. Kh2 Qxc6 30. cxb4 Bxb4 31. Rbd1 Rxd1 32. Qxd1 Qxe4 33. Qa4 Rb8 34. Qxa6 Bf8 35. Re1 Qa8 36. Qxa8 Rxa8 37. a3 c3 38. bxc3 Rxa3 39. Bxe5 h6 40. Bd4 Ra8 41. Kg3 Rc8 42. Kf3 Kh7 43. Rb1 g5 44. g4 Kg6 45. Ke4 h5 46. Rb7 hxg4 47. hxg4 Bd6 48. Kd3 Rh8 49. Rb1 Rh3+ 50. Kc4 Rg3 51. Kd5 Bf4 52. c4 Rxg4 53. c5 Rg2 54. c6 Rc2 55. Rf1 Bc7 56. Rh1 g4 57. Rh8 Kf5 58. Rh5+ Kg6 59. Rh8 Kf5 60. Rh7 g3 61. Rg7 Rd2 62. Kc4 Rc2+ 63. Kd3 Rxc6 64. Rxf7 Kg4 65. Rg7+ Kf3 66. f7 Bd6 67. Rg6 1-0


[Site "https://www.chess.com"]

[Event "Titled Tuesday Blitz May 2 Early 2023"]
[White "Donskov, Anatoly"]
[Black "Papasimakopoulos, Alexandros"]
[WhiteFideId "24143413"]
[BlackFideId "4244125"]
[WhiteElo "2247"]
[BlackElo "2359"]
[Result "0-1"]
[Round "02"]
[TimeControl "180+2"]
[Date "2023.05.02"]
[WhiteClock "0:00:01"]
[BlackClock "0:00:02"]

1. e4 e6 2. d4 d5 3. Nc3 Bb4 4. Bd3 dxe4 5. Bxe4 Nf6 6. Bd3 Nc6 7. Nf3 O-O 8. O-O h6 9. Re1 Kh8 10. a3 Be7 11. Ne2 b6 12. c4 Bb7 13. Bd2 Re8 14. Bc3 Bf8 15. Nf4 a5 16. Qe2 a4 17. Rad1 Na5 18. Ne5 Kg8 19. Bb1 g6 20. Nxf7 Kxf7 21. Bxg6+ Kg8 22. Nxe6 Qd6 23. d5 Bg7 24. Bxf6 Bxf6 25. Bxe8 Rxe8 26. Qh5 Re7 27. Qg6+ Bg7 28. Rd3 Bc8 29. Rg3 Nxc4 30. Qh5 Bxe6 31. dxe6 Rxe6 32. Rf1 Rf6 33. Rd1 Qe7 34. Qg4 Ne5 35. Qe4 Ng6 0-1


[Site "https://www.chess.com"]

[Event "Titled Tuesday Blitz May 2 Early 2023"]
[White "Bernat, David"]
[Black "Preotu, Razvan"]
[WhiteFideId "2099225"]
[BlackFideId "2613280"]
[WhiteElo "1862"]
[BlackElo "2407"]
[Result "1-0"]
[Round "02"]
[TimeControl "180+2"]
[Date "2023.05.02"]
[WhiteClock "0:00:00"]
[BlackClock "0:00:00"]

1. c4 c5 2. Nc3 Nf6 3. g3 d5 4. cxd5 Nxd5 5. Bg2 Nc7 6. Qa4+ Bd7 7. Qb3 Nc6 8. d3 Nd4 9. Qd1 Bc6 10. Bxc6+ Nxc6 11. Nf3 e5 12. Qa4 Qd7 13. Be3 Be7 14. O-O Ne6 15. Rfc1 Rc8 16. a3 a6 17. Ne4 b5 18. Qxa6 Ncd4 19. Nxe5 Qd5 20. Qxc8+ 1-0


[Site "https://www.chess.com"]

[Event "Titled Tuesday Blitz May 2 Early 2023"]
[White "Gutkin, Ilya"]
[Black "Mirzoev, Azer"]
[WhiteFideId "16203470"]
[BlackFideId "13400304"]
[WhiteElo "2265"]
[BlackElo "2525"]
[Result "1-0"]
[Round "02"]
[TimeControl "180+2"]
[Date "2023.05.02"]
[WhiteClock "0:00:16"]
[BlackClock "0:00:01"]

1. Nf3 c5 2. c4 Nc6 3. d4 cxd4 4. Nxd4 g6 5. e4 Bg7 6. Be3 Nh6 7. Be2 O-O 8. Qd2 Nxd4 9. Bxd4 Bxd4 10. Qxd4 d6 11. Qd2 Kg7 12. h4 f6 13. h5 g5 14. Nc3 Nf7 15. O-O-O h6 16. Kb1 Be6 17. g3 a6 18. f4 b5 19. Nd5 bxc4 20. Bxc4 a5 21. Qd3 Rc8 22. Bb3 Rc5 23. e5 Bxd5 24. Qg6+ Kh8 25. Bxd5 Rxd5 26. Rxd5 Qa8 27. Rhd1 dxe5 28. fxe5 Qc6 29. exf6 exf6 30. Rd7 Qe6 31. a3 a4 32. Ka1 g4 33. Ra7 Qb3 34. Rf1 Qe6 35. Rd1 1-0


[Site "https://www.chess.com"]

[Event "Titled Tuesday Blitz May 2 Early 2023"]
[White "Kucuksari, Kaan"]
[Black "Matveeva, Olga"]
[WhiteFideId "6380166"]
[BlackFideId "24107018"]
[WhiteElo "2364"]
[BlackElo "2056"]
[Result "1-0"]
[Round "02"]
[TimeControl "180+2"]
[Date "2023.05.02"]
[WhiteClock "0:01:07"]
[BlackClock "0:00:09"]

1. e4 e6 2. Nf3 d5 3. e5 c5 4. d4 Nc6 5. c3 Qb6 6. Be2 Nh6 7. O-O Nf5 8. dxc5 Bxc5 9. Nbd2 Bd7 10. Nb3 Be7 11. Nbd4 Ncxd4 12. Nxd4 Nxd4 13. cxd4 Bb5 14. Bxb5+ Qxb5 15. a4 Qb6 16. a5 Qb5 17. a6 bxa6 18. Qa4 Kd7 19. Qd1 Rhc8 20. Qh5 g6 21. Qxh7 Rf8 22. Be3 Rab8 23. h3 Rb6 24. Bh6 Rc8 25. Qxf7 Qxb2 26. Bg5 Re8 27. Rac1 Qxd4 28. Rc8 Rxc8 29. Qxe7+ Kc6 30. Rc1+ Kb5 31. Rxc8 Qa1+ 32. Rc1 Qxe5 33. Qd7+ 1-0


[Site "https://www.chess.com"]

[Event "Titled Tuesday Blitz May 2 Early 2023"]
[White "Iliaguev, Nisim"]
[Black "Su, Dion"]
[WhiteFideId "2817276"]
[BlackFideId "2029731"]
[WhiteElo "2241"]
[BlackElo "1922"]
[Result "1-0"]
[Round "02"]
[TimeControl "180+2"]
[Date "2023.05.02"]
[WhiteClock "0:00:00"]
[BlackClock "0:00:00"]

1. d4 Nf6 2. g3 g6 3. Bg2 Bg7 4. e4 O-O 5. Ne2 d6 6. O-O c5 7. c3 Nbd7 8. h3 Rb8 9. Be3 b6 10. f4 Bb7 11. Nd2 Qc7 12. Kh2 Rbc8 13. d5 e5 14. f5 Ne8 15. g4 f6 16. Nf3 c4 17. fxg6 hxg6 18. Nh4 Kf7 19. g5 Nc5 20. Ng3 Rh8 21. gxf6 Rxh4 22. fxg7+ Kxg7 23. Bg5 Rh8 24. Qf3 Qd7 25. h4 Rc7 26. Qe2 Rf8 27. Bh3 Qb5 28. h5 Bc8 29. Bxc8 Rxc8 30. Qg4 Qxb2+ 31. Kh3 Qxc3 32. Bh6+ Kxh6 33. Qxg6# 1-0


[Site "https://www.chess.com"]

[Event "Titled Tuesday Blitz May 2 Early 2023"]
[White "Munoz, Francisco Javier"]
[Black "Seder, Mohammed"]
[WhiteFideId "128368"]
[BlackFideId "11505567"]
[WhiteElo "2383"]
[BlackElo "1862"]
[Result "1-0"]
[Round "02"]
[TimeControl "180+2"]
[Date "2023.05.02"]
[WhiteClock "0:01:46"]
[BlackClock "0:00:02"]

1. e4 c5 2. Nc3 Nc6 3. Nf3 e5 4. Bb5 d6 5. Ne2 Nf6 6. Ng3 g6 7. Bxc6+ bxc6 8. d3 Bg7 9. a3 Rb8 10. O-O O-O 11. b4 cxb4 12. axb4 Rxb4 13. Rxa7 Qb6 14. Be3 c5 15. Qa1 Ng4 16. Bg5 f5 17. Nd2 Be6 18. Re7 Bf7 19. exf5 gxf5 20. Nxf5 Bh8 21. h3 e4 22. d4 cxd4 23. hxg4 d3 24. Nh6# 1-0


[Site "https://www.chess.com"]

[Event "Titled Tuesday Blitz May 2 Early 2023"]
[White "Manukyan, Sargis A."]
[Black "Shtompel, Yuriy"]
[WhiteFideId "13303970"]
[BlackFideId "14168278"]
[WhiteElo "2187"]
[BlackElo "1844"]
[Result "0-1"]
[Round "02"]
[TimeControl "180+2"]
[Date "2023.05.02"]
[WhiteClock "0:00:17"]
[BlackClock "0:00:18"]

1. d4 Nf6 2. c4 e6 3. Nc3 d5 4. Bg5 Be7 5. Nf3 O-O 6. e3 b6 7. cxd5 Nxd5 8. Bxe7 Nxe7 9. Bd3 Bb7 10. O-O Nd7 11. Rc1 a6 12. Bb1 c5 13. dxc5 Nxc5 14. Bxh7+ Kxh7 15. Ng5+ Kg6 16. Qg4 Kh6 17. f4 Qd2 18. Ne2 Qxe3+ 19. Rf2 Nf5 20. Rc3 Nd3 21. Rxd3 Qxd3 22. h3 Qd1+ 23. Kh2 Qd3 24. Nc3 g6 25. Re2 Kg7 26. Rxe6 Qc2 27. Re5 f6 28. Rxf5 Qxf5 29. Ne6+ Kf7 30. Qd1 Qxe6 31. f5 Qe7 32. Qb3+ Kg7 33. fxg6 Qe5+ 34. Kg1 Qe7 35. Qc4 Rfd8 36. Qh4 f5 37. Qh7+ Kf6 38. Qh4+ Ke6 39. Qe1+ Kd7 40. Qd2+ Ke8 41. Qh6 Kd7 42. g7 Rg8 43. Qxb6 Rxg7 44. Qxb7+ Ke6 45. Qxa8 Kf6 46. Qxa6+ Qe6 47. Qd3 Qe1+ 48. Kh2 Qe5+ 49. Kg1 Qg3 50. Qd4+ Kg6 51. Nd5 Kh5 52. Nf4+ Kh6 53. Qf6+ Kh7 54. Qxf5+ Kh8 55. Qf8+ Kh7 56. Qf5+ Kh8 57. Qc8+ Kh7 58. Qc2+ Kh8 59. Nh5 Qe1+ 60. Kh2 Qe5+ 61. g3 Qxh5 62. Qc8+ Kh7 63. Qc2+ Qg6 64. Qc3 Qe4 65. h4 Rd7 66. h5 Qf5 67. h6 Kxh6 68. Qe3+ Kh7 69. a4 Qc2+ 70. Kh3 Qg6 71. a5 Qh6+ 72. Qxh6+ Kxh6 73. Kg4 Rd2 74. b4 Rd4+ 75. Kf5 Rxb4 76. g4 Ra4 77. g5+ Kg7 78. g6 Rxa5+ 79. Ke6 Ra6+ 80. Ke5 Rxg6 81. Kd5 Rf6 82. Ke5 Kf7 83. Kd5 Re6 84. Kc5 Ke7 85. Kd4 Kd6 86. Kc4 Re5 87. Kd4 Ke6 88. Kd3 Kd5 89. Kc3 Re4 90. Kd2 Kd4 91. Kc2 Re3 92. Kd2 Ke4 93. Kc2 Rd3 94. Kb2 Kd4 95. Kc2 Kc4 96. Kb2 Rc3 97. Ka2 Rb3 98. Ka1 Kc3 99. Ka2 Kc2 100. Ka1 Ra3# 0-1


[Site "https://www.chess.com"]

[Event "Titled Tuesday Blitz May 2 Early 2023"]
[White "Panico, Nick"]
[Black "Souleidis, Georgios"]
[WhiteFideId "2026724"]
[BlackFideId "4206827"]
[WhiteElo "1982"]
[BlackElo "2401"]
[Result "1/2-1/2"]
[Round "02"]
[TimeControl "180+2"]
[Date "2023.05.02"]
[WhiteClock "0:01:55"]
[BlackClock "0:00:27"]

1. d4 Nf6 2. Bf4 g6 3. e3 Bg7 4. h3 O-O 5. Nf3 d6 6. Be2 Nfd7 7. O-O e5 8. Bh2 Nc6 9. c3 Kh8 10. Na3 f5 11. dxe5 Ndxe5 12. Nc4 Be6 13. Ncxe5 Nxe5 14. Qc2 Qe7 15. Rad1 Rfd8 16. b3 a5 17. c4 c6 18. Nd4 Bg8 19. Rd2 a4 20. Rfd1 axb3 21. axb3 Qc7 22. Nf3 Bf7 23. Nxe5 dxe5 24. Rxd8+ Rxd8 25. Rxd8+ Qxd8 26. Qd3 Qxd3 27. Bxd3 Kg8 28. Kf1 Kf8 29. Ke2 Ke7 30. f3 Be6 31. Bg3 g5 32. Be1 h5 33. Bb4+ Kf7 34. Bd6 Bf6 35. e4 f4 36. Bc5 Be7 37. Bf2 Bb4 38. Kd1 g4 39. hxg4 hxg4 40. Kc2 g3 41. Bg1 Ke7 42. Bb6 Kd6 43. Ba7 Kd7 44. Bb8 Bd6 45. Bxd6 Kxd6 46. Kc3 Bf7 47. b4 b6 48. Bf1 Bh5 49. Be2 Bg6 50. Bd3 Bf7 51. Be2 Be6 52. Bd3 Bd7 53. Be2 Bh3 54. Bf1 Be6 55. Bd3 Bd7 56. Be2 Be8 57. Bd3 Bf7 1/2-1/2


[Site "https://www.chess.com"]

[Event "Titled Tuesday Blitz May 2 Early 2023"]
[White "Orlov, Georgi"]
[Black "Todorovic, Bojan"]
[WhiteFideId "2011271"]
[BlackFideId "917087"]
[WhiteElo "2453"]
[BlackElo "2266"]
[Result "0-1"]
[Round "02"]
[TimeControl "180+2"]
[Date "2023.05.02"]
[WhiteClock "0:00:07"]
[BlackClock "0:00:46"]

1. e4 g6 2. d4 Bg7 3. c3 d6 4. Nf3 a6 5. Bd3 Nc6 6. Qe2 Nf6 7. h3 e5 8. Nbd2 O-O 9. d5 Ne7 10. g4 c6 11. c4 b5 12. dxc6 bxc4 13. Nxc4 Nxc6 14. Bg5 Be6 15. Rd1 Nb4 16. Bb1 Qc7 17. b3 d5 18. exd5 Nfxd5 19. Bd2 e4 20. Ng5 e3 21. Bxe3 Nc3 22. Nxe6 fxe6 23. Bb6 Qc6 24. Be4 Nxe4 25. O-O Nc3 26. Qe3 Nxd1 27. Rxd1 Rf3 28. Qe2 Rxh3 29. f3 Rxf3 30. Bd4 Bxd4+ 31. Rxd4 Raf8 32. Ne5 Rf1+ 33. Kh2 Qh1+ 34. Kg3 Rg1+ 35. Qg2 Rxg2# 0-1


[Site "https://www.chess.com"]